 Dungeon Crawl Stone Soup version 0.31-a0-466-g98c9adc2b6 (webtiles) character file.

Game seed: 17058458553554365877

78 RepHenryClay the Magician (level 4, -2/24 HPs)
             Began as a Deep Elf Hedge Wizard on Aug 5, 2023.
             Slain by a gnoll
             ... wielding a +0 club
              (6 damage)
             ... on level 1 of the Dungeon.
             The game lasted 00:02:34 (1673 turns).

RepHenryClay the Magician (Deep Elf Hedge Wizard)   Turns: 1673, Time: 00:02:35

Health: -2/24      AC:  3    Str:  7    XL:     4   Next: 15%
Magic:  5/12       EV: 12    Int: 21    God:
Gold:   32         SH:  0    Dex: 14    Spells: 5/11 levels left

rFire   . . .        a - +2 dagger (venom)
rCold   . . .        (no shield)
rNeg    . . .        b - +0 robe
rPois   .            c - +0 hat
rElec   .            (no cloak)
rCorr   .            (no gloves)
SInv    +            i - +0 pair of boots
Will    .....        (no amulet)
Stlth   ++           g - ring of see invisible
HPRegen 0.24/turn    (no ring)
MPRegen 0.13/turn

%: no passive effects
@: brilliant, invisible
A: no striking features
a: no special abilities


You were on level 1 of the Dungeon.
You visited 1 branch of the dungeon, and saw 2 of its levels.

You collected 32 gold pieces.

Inventory:

Hand Weapons
 a - a +2 dagger of venom (weapon)
 j - a +0 dagger
Armour
 b - a +0 robe (worn)
 c - a +0 hat (worn)
 i - a +0 pair of boots (worn)
Jewellery
 g - a ring of see invisible (left hand)
Potions
 d - a potion of magic
 h - a potion of ambrosia {unknown}


   Skills:
 - Level 2.5 Dodging
 - Level 2.5 Stealth
 - Level 4.4 Spellcasting
 + Level 4.2 Conjurations
 - Level 1.2 Summonings
 - Level 1.2 Translocations


You had 5 spell levels left.
You knew the following spells:

 Your Spells              Type           Power      Damage    Failure   Level
a - Magic Dart            Conj           100%       1d8       1%          1
b - Blink                 Tloc           28%        N/A       11%         2
c - Mephitic Cloud        Conj/Pois/Air  15%        N/A       19%         3

Your spell library contained the following spells:

 Spells                   Type           Power      Damage    Failure   Level
 Call Imp                 Summ           28%        N/A       11%         2
 Slow                     Hex            28%        N/A       12%         1
 Cigotuvi's Dreadful Rot  Necr/Pois/Air  14%        N/A       17%         2


Dungeon Overview and Level Annotations

Branches:
Dungeon (2/15)

Altars:


Message History

Press: ? - help, Shift-Dir - straight line, f/p - gnoll
Aim: a gnoll, wielding a +0 halberd (moderately wounded, 100% to hit)
The magic dart hits the gnoll.
The gnoll is severely wounded.
The gnoll hits you from afar with a +0 halberd!
Huge Dmg: -37%(-9hp) hp: 63%(15hp)
Casting: Magic Dart (safe; 2% risk of failure)
Confirm with . or Enter, or press ? or * to list all spells.
Aiming: Magic Dart (safe; 2% risk of failure)
Press: ? - help, Shift-Dir - straight line, f/p - gnoll
Aim: a gnoll, wielding a +0 halberd (severely wounded, 100% to hit)
The magic dart hits the gnoll.
The gnoll is severely wounded.
The gnoll misses you.
Casting: Magic Dart (safe; 2% risk of failure)
Confirm with . or Enter, or press ? or * to list all spells.
Aiming: Magic Dart (safe; 2% risk of failure)
Press: ? - help, Shift-Dir - straight line, f/p - gnoll
Aim: a gnoll, wielding a +0 halberd (severely wounded, 100% to hit)
The magic dart hits the gnoll.
You kill the gnoll!
The gnoll closely misses you.
You climb upwards.
There is a stone staircase leading down here.
Unknown command.
You barely miss the gnoll. The gnoll hits you with a +0 club.
Damage: -4%(-1hp) hp: 63%(15hp)
You barely miss the gnoll. The gnoll hits you with a +0 club.
* * * LOW HITPOINT WARNING * * *
Huge Dmg: -25%(-6hp) hp: 38%(9hp)
The gnoll hits you with a +0 club.
* * * LOW HITPOINT WARNING * * *
Huge Dmg: -21%(-5hp) hp: 17%(4hp) It was a potion of brilliance.
You feel clever all of a sudden. The gnoll hits you but does no damage.
It was a potion of invisibility.
You fade into invisibility!
The gnoll hits you with a +0 club.
You die...

.....................####.#........
.......###...........####>#........
.......)..................#........
.(...(.##.............#####........
.......##.................#........
.......##..........................
.......##.######.##.#.....#########
.......##.# ##.#g.#.....#
.......##.# ###..@>##.....#
..........# #....####.....#
..........# #....# #.....######
..........###....# #..........#
...........##....# #..........#
.......รท...##....# #####......#
...........##....# #......#
...........##....# #......#
...........##....# #......#


You could see a gnoll (unable to see you).

Vanquished Creatures
  4 gnolls (D:2)
  2 dart slugs (D:1)
  A ball python (D:2)
  A bat (D:1)
  4 endoplasms
  2 giant cockroaches (D:1)
  A goblin (D:1)
  6 hobgoblins
  3 jackals (D:1)
  A frilled lizard (D:1)
  5 kobolds
30 creatures vanquished.

Notes
Turn   | Place    | Note
-------+----------+-------------------------------------------
     0 | D:1      | RepHenryClay the Deep Elf Hedge Wizard began the quest for
                  | the Orb.
     0 | D:1      | Reached XP level 1. HP: 10/10 MP: 7/7
   304 | D:1      | Reached XP level 2. HP: 15/15 MP: 2/9
  1054 | D:1      | Reached XP level 3. HP: 19/19 MP: 5/10
  1427 | D:1      | Learned a level 2 spell: Blink
  1431 | D:1      | Learned a level 3 spell: Mephitic Cloud
  1645 | D:2      | Reached XP level 4. HP: 24/24 MP: 7/12
  1673 | D:1      | Slain by a gnoll

Illustrated notes

Levels and vault maps discovered:
D:1:      lemuel_arrival_muddy, layout_basic
D:2:      layout_basic

Skill      XL: |  1  2  3 |
---------------+----------+-----
Conjurations   | 3 4 |  4.2
Dodging        | |  2.5
Stealth        | |  2.5
Spellcasting   | |  4.4
Summonings     | |  1.2
Translocations | |  1.2

Action                     |  1- 3 |  4- 6 || total
---------------------------+-------+-------++-------
  Melee: Dagger            |    10 |     2 ||    12
   Cast: Magic Dart        |    80 |     6 ||    86
         Mephitic Cloud    |     1 |       ||     1
    Use: Potion            |       |     2 ||     2
 Armour: Robe              |     7 |     1 ||     8
  Dodge: Dodged            |    15 |     2 ||    17

Table legend: (Time is in decaauts)
 A = Elapsed time spent in this place.
 B = Non-inter-level travel time spent in this place.
 C = Inter-level travel time spent in this place.
 D = Time resting spent in this place.
 E = Time spent auto-exploring this place.
 F = Levels seen in this place.
 G = Mean time per level.
                   A        B        C        D        E       F      G
               +--------+--------+--------+--------+--------+-----+--------+
         Total |   1676 |   1576 |    100 |    209 |   1119 |   2 |  838.0 |
       Dungeon |   1676 |   1576 |    100 |    209 |   1119 |   2 |  838.0 |
               +--------+--------+--------+--------+--------+-----+--------+

Top non-repeatable levels by time:
     D:1: 1447 daAuts
     D:2: 228 daAuts
